 Dungeon Crawl Stone Soup version 0.16-a0-327-gbff0e38 (webtiles) character file.

29052 PolkaDot the Bewitcher (level 13, -6/86 HPs)
             Began as a Vampire Summoner on Sept 5, 2014.
             Was the Champion of Sif Muna.
             Mangled by a black mamba (10 damage)
             ... on Level 8 of the Lair of Beasts.
             The game lasted 02:19:59 (21628 turns).

PolkaDot the Bewitcher (Vampire Summoner)          Turns: 21628, Time: 02:19:59

HP  -6/86        AC 14     Str  7      XL: 13   Next: 13%
MP  11/34        EV 17     Int 21      God: Sif Muna [******]
Gold 1629        SH  0     Dex 14      Spells:  5 memorised,  2 levels left

rFire  + . .     SeeInvis +     b - +2 quarterstaff (freeze)
rCold  + + .     Clarity  .     L - +4 troll leather armour
rNeg   + + .     rCorr    +     (no shield)
rPois  +         rRot     +     M - +0 helmet
rElec  .         Spirit   .     n - +0 cloak
SustAb .         Warding  .     j - +0 pair of gloves
rMut   .         Stasis   .     W - +2 pair of boots
Gourm  .                        z - amulet of resist corrosion
MR     +....                    E - ring of Twyim {rC+ EV+5}
                                t - ring of magical power

@: regenerating slowly, slowed, very slow, somewhat resistant to hostile
enchantments, unstealthy
A: bottle blood, fangs 3, see invisible, fire resistance 1, robust 1,
unbreathing
a: Bat Form, Bottle Blood, Channel Energy, Forget Spell, Renounce Religion


You were on level 8 of the Lair of Beasts.
You worshipped Sif Muna.
Sif Muna was exalted by your worship.
You were very thirsty.

You visited 3 branches of the dungeon, and saw 20 of its levels.
You also visited: Ossuary and Ice Cave.

You collected 1629 gold pieces.

Inventory:

Hand weapons
 b - a +2 quarterstaff of freezing (weapon)
Armour
 j - a +0 pair of gloves (worn)
 n - a +0 cloak (worn)
 p - the +1 robe of Eries {+Rage +Fly rN+}
   (You found it on level 8 of the Lair of Beasts)

   It protects you from negative energy.
   It lets you fly.
   It lets you go berserk.
 L - a +4 troll leather armour (worn)
 M - a +0 helmet (worn)
 W - a +2 pair of boots (worn)
Magical devices
 h - a wand of draining (9)
 r - a wand of digging (14)
Scrolls
 d - a scroll of amnesia
 i - a scroll of immolation
 q - 8 scrolls of remove curse
 u - 4 scrolls of teleportation
 C - 3 scrolls of fog
 H - a scroll of fear
 I - 3 scrolls of noise
 N - a scroll of blinking
 V - 2 scrolls of torment
Jewellery
 a - an uncursed ring of sustain abilities
 k - an uncursed ring of protection from magic
 m - an uncursed ring of protection from fire
 s - a +5 ring of protection
 t - a ring of magical power (left hand)
 z - an amulet of resist corrosion (around neck)
 E - the ring of Twyim (right hand) {rC+ EV+5}
   (You found it in an ice cave)

   [ring of evasion]

   It affects your evasion (+5).
   It protects you from cold.
Potions
 c - 2 potions of lignification
 e - a potion of cancellation
 g - 7 potions of curing
 l - 2 potions of haste
 v - 2 potions of agility
 A - 2 potions of restore abilities
 B - 2 potions of flight
 D - a potion of brilliance
Books
 f - Sif Muna's Collected Works on the Glacial Oath {god gift}
   (Sif Muna gifted it to you on level 8 of the Lair of Beasts)

   Spells                             Type                      Level
   Corona                             Hexes                        1
   Freeze                             Ice                          1
   Throw Icicle                       Conjuration/Ice              4
   Condensation Shield                Ice                          4
   Silence                            Hexes/Air                    5
   *Summon Mana Viper                 Hexes/Summoning              5
 y - a book of Wizardry

   Spells                             Type                      Level
   Agony                              Necromancy                   5
   Force Lance                        Conjuration                  5
   Dispersal                          Translocation                6
   Haste                              Charms                       6
   Invisibility                       Hexes                        6
   Spellforged Servitor               Conjuration/Summoning        7
 F - a book of Cantrips

   Spells                             Type                      Level
   Corona                             Hexes                        1
   Animate Skeleton                   Necromancy                   1
   Summon Small Mammal                Summoning                    1
   Apportation                        Translocation                1
 U - Sif Muna's Volume of Conjuration and Malediction {god gift}
   (Sif Muna gifted it to you on level 2 of the Lair of Beasts)

   Spells                             Type                      Level
   Corona                             Hexes                        1
   Sure Blade                         Hexes/Charms                 2
   Dazzling Spray                     Conjuration/Hexes            3
   Freezing Cloud                     Conjuration/Ice/Air          6
   Chain Lightning                    Conjuration/Air              8
Magical staves
 Y - an uncursed staff of wizardry


   Skills:
   Level 0.4 Short Blades
 + Level 4.8 Staves
 * Level 5.2 Dodging
 - Level 3.0 Stealth
 - Level 5.1 Spellcasting
 - Level 15.0 Hexes
 + Level 10.6 Summonings
 - Level 10.4 Ice Magic
 - Level 10.0 Air Magic


You had 2 spell levels left.
You knew the following spells:

 Your Spells              Type           Power        Failure   Level  Hunger
d - Call Canine Familiar  Summ           ######..     1%          3    ##.....
g - Summon Guardian Gole  Hex/Summ       ######..     1%          4    ####...
i - Summon Ice Beast      Ice/Summ       #####...     1%          4    ####...
s - Summon Lightning Spi  Summ/Air       #####...     1%          4    ####...
v - Summon Mana Viper     Hex/Summ       ######..     1%          5    #####..


Dungeon Overview and Level Annotations

Branches:
Dungeon (11/15)            Temple (1/1) D:6             Orc (0/4) D:9
   Lair (8/8) D:11          Swamp (0/5) Lair:6        Snake (0/5) Lair:4
  Slime (0/6) Lair:6

Altars:
Ashenzari
Cheibriados
Dithmenos
Elyvilon
Fedhas
Gozag
Kikubaaqudgha
Makhleb
Nemelex Xobeh
Okawaru
Qazlal
Sif Muna
Trog
Vehumet
Xom
Yredelemnul
Zin
The Shining One
Jiyva

Shops:
D:4 %


Innate Abilities, Weirdness & Mutations

You heal slowly.
You can bottle blood from corpses.
You have razor-sharp teeth.
You have supernaturally acute eyesight.
You can survive without breathing.
Your flesh is heat resistant.
You are robust (+10% HP).


Message History

Your ice beast barely misses the black mamba.
The black mamba misses you.
A yellow wasp comes into view.
Drink which item? (? for menu, Esc to quit)
You feel better.
The black mamba bites you but does no damage.
The yellow wasp moves out of view.
Your ice beast barely misses the black mamba.
The black mamba bites you.
* * * LOW HITPOINT WARNING * * *
Your ice beast hits the black mamba but does no damage.
Your ice beast misses the black mamba.
The black mamba closely misses your ice beast.
You closely miss the black mamba. Your bite misses the black mamba.
The black mamba is almost dead.
The black mamba bites you!
* * * LOW HITPOINT WARNING * * *
Your ice beast hits the black mamba but does no damage.
The black mamba bites you!
You die...

#....P#*,,,,**,,,,,,**,,,,*#.....
*..PP.##*,,,,*,,,,,,*..,,###....#
,....P..#*,,,**,,,,*#..,##..P..#.
,....P...#*,,,*,,,,*...##......%#
##..PP....**,,**,,##.y##....PP..#
#........,,**,,*,,#.%##......P.P.
?#...#**,,,,*,,**##.##.....###PP.
.%%.#*,***,,,,*###..#..%.###.P...
.<..#,,,,***,,##@......###...P.P.
%.%.#*,$...####S...#.###........#
PP..#*,!......YYPP.###.....!..PP.
..PP#*,/......%.PP.#*#...........
#.PP#*,,...####....#,###.........
##.P#,,,.###..##..##,,,###...P...
#...##,###...%#######,,,.###=P..#
#...P###....#..####.##,....###.#.
#..........##%:#..#!.##......P..#


You could see a black mamba, a yellow wasp and 2 friendly ice beasts.

Vanquished Creatures
  A death yak (Lair:8)
  A guardian serpent (Lair:8)
  A centaur zombie (D:11)
  2 spiny frogs
  2 komodo dragons
  3 fire drakes
  A polar bear (Lair:1)
  A two-headed ogre (D:8)
  3 blink frogs
  A redback (Lair:8)
  A yak (Lair:7)
  A wyvern (D:9)
  2 wolves (D:8)
  8 hippogriffs
  A steam dragon (Lair:4)
  3 water moccasins
  2 porcupines
  A sky beast (D:11)
  A centaur (D:10)
  6 crocodiles
  3 ogres
  9 giant frogs
  2 scorpions
  2 wights (D:10)
  3 crimson imps
  An orc priest (D:9)
  A jelly (D:11)
  A centaur skeleton (D:9)
  6 hounds
  6 iguanas
  An orc wizard (D:8)
  A worker ant (D:7)
  2 sheep
  17 adders
  21 green rats
  A giant mite (D:4)
  4 giant geckos
  14 orcs
  13 bats
  2 bat skeletons (D:5)
  A bat zombie (D:8)
  4 giant cockroaches
  A giant mite zombie (D:5)
  13 hobgoblins
  16 jackals
  An ooze (D:3)
  7 quokkas
  A ball python (D:4)
  A giant newt (D:3)
  6 goblins
  A hobgoblin zombie (Ossuary)
  A jackal skeleton (D:5)
  11 kobolds
  8 rats
  A rat zombie (Ossuary)
225 creatures vanquished.

Vanquished Creatures (collateral kills)
  3 hydras
  Fannar (Lair:3)
  2 ice dragons (IceCv)
  Harold (Lair:4)
  A catoblepas (Lair:6)
  5 death yaks
  Erolcha (D:11)
  2 hill giants (D:11)
  2 ice statues (IceCv)
  2 wolf spiders (Lair:8)
  A red wasp (Lair:8)
  A cyclops (D:11)
  4 black mambas
  8 elephants
  13 spiny frogs
  A gargoyle (D:11)
  5 komodo dragons
  3 fire drakes
  A troll (D:8)
  6 polar bears (Lair:1)
  A two-headed ogre (D:8)
  12 blink frogs
  2 baby alligators (Lair:6)
  A trapdoor spider (D:11)
  A basilisk (D:11)
  A wyvern (D:8)
  13 yaks
  A hog (D:8)
  A human (D:8)
  A deep elf mage (D:11)
  2 wraiths
  A spriggan (Lair:5)
  4 hippogriffs
  Grum (D:8)
  3 wolves
  Edmund (D:9)
  A mottled dragon (D:11)
  A porcupine (Lair:2)
  16 water moccasins
  4 nagas (Lair:4)
  3 orc warriors
  3 spiders (Lair:8)
  2 sky beasts
  2 yellow wasps
  26 ice beasts
  8 black bears (Lair:1)
  A centaur (D:10)
  2 phantoms (D:11)
  8 crocodiles
  An ogre (D:9)
  5 giant frogs
  An elf zombie (Ossuary)
  Blork the orc (D:7)
  A scorpion (D:8)
  3 killer bees (D:11)
  11 wights
  A yak skeleton (D:11)
  2 electric eels (Lair:3)
  5 crimson imps
  3 goliath beetles
  5 hounds
  A human zombie (Ossuary)
  5 centaur zombies
  5 orc priests
  4 orc wizards
  5 iguanas
  9 worker ants
  A big kobold zombie (Ossuary)
  11 sheep
  3 mummies (Ossuary)
  3 hound zombies
  10 adders
  18 green rats
  13 white imps
  2 worms
  3 adder zombies (Ossuary)
  4 giant geckos
  23 orcs
  A bat (D:7)
  2 goblins
  7 hobgoblins
  8 jackals
  8 quokkas
  A ball python (D:6)
  A giant newt (D:4)
  3 gnoll zombies (Ossuary)
  2 goblin zombies
  3 hobgoblin zombies (Ossuary)
  A jackal zombie (Ossuary)
  7 kobolds
  4 kobold zombies (Ossuary)
  An orc zombie (Ossuary)
  3 quokka zombies (Ossuary)
  4 rats
  5 rat zombies
  A fungus (Lair:8)
  5 plants
412 creatures vanquished.

Vanquished Creatures (others)
  8 mana vipers
  An elephant (Lair:7)
  23 wolves
  10 guardian golems
  A sky beast (D:3)
  46 ice beasts
  A lightning spire (Lair:8)
  7 crimson imps
  13 hounds
  2 iron imps
  An adder (Lair:6)
  2 shadow imps
  11 white imps
  6 quokkas
  2 bats (D:1)
  A rat (D:1)
  4 fungi
  3 plants
142 creatures vanquished.

Grand Total: 779 creatures vanquished

Notes
Turn   | Place    | Note
--------------------------------------------------------------
     0 | D:1      | PolkaDot, the Vampire Summoner, began the quest for the Orb.
     0 | D:1      | Reached XP level 1. HP: 13/13 MP: 3/3
   161 | D:1      | Reached XP level 2. HP: 5/19 MP: 1/4
   578 | D:1      | Learned a level 2 spell: Call Imp
  1217 | D:1      | Reached skill level 5 in Summonings
  1217 | D:1      | Reached XP level 3. HP: 15/24 MP: 6/6
  1222 | D:1      | Learned a level 3 spell: Call Canine Familiar
  2124 | D:3      | Reached XP level 4. HP: 28/30 MP: 7/7
  2327 | D:3      | Noticed a sky beast
  2410 | D:3      | Killed a sky beast
  2424 | D:3      | Reached skill level 6 in Summonings
  3106 | D:4      | Found Igocuupt's Food Shoppe.
  3168 | D:4      | Found a burning altar of Makhleb.
  3168 | D:4      | Noticed a cacodemon
  3276 | D:4      | Found a glowing golden altar of the Shining One.
  3289 | D:4      | Found a shattered altar of Ashenzari.
  3313 | D:4      | Reached XP level 5. HP: 16/35 MP: 1/9
  3611 | D:4      | Found a glowing silver altar of Zin.
  3630 | D:4      | Found an ancient bone altar of Kikubaaqudgha.
  3746 | D:4      | Reached skill level 7 in Summonings
  3783 | D:5      | Entered Level 5 of the Dungeon
  4085 | D:5      | Found a snail-covered altar of Cheibriados.
  4116 | D:5      | Reached XP level 6. HP: 41/41 MP: 4/10
  4989 | D:6      | Found a staircase to the Ecumenical Temple.
  5006 | Temple   | Entered the Ecumenical Temple
  5120 | Temple   | Became a worshipper of Sif Muna the Loreminder
  5259 | D:6      | Reached skill level 8 in Summonings
  5523 | D:7      | Noticed Blork the orc
  5527 | D:7      | Noticed a water moccasin
  5539 | D:7      | Killed Blork the orc
  5551 | D:7      | Killed a water moccasin
  5551 | D:7      | Reached XP level 7. HP: 13/46 MP: 0/12
  5768 | D:7      | Learned a level 4 spell: Summon Ice Beast
  5792 | D:7      | Reached skill level 9 in Summonings
  5807 | D:7      | Noticed a hippogriff
  5816 | D:7      | Killed a hippogriff
  5816 | D:7      | Acquired Sif Muna's first power
  6420 | D:7      | Reached skill level 10 in Summonings
  6463 | D:7      | Reached skill level 1 in Ice Magic
  6463 | D:7      | Reached XP level 8. HP: 50/52 MP: 13/13
  6744 | D:8      | Noticed Grum
  6755 | D:8      | Gained mutation: You are robust (+10% HP). [potion of mutation]
  6755 | D:8      | Gained mutation: Your flesh is heat resistant. [potion of mutation]
  6832 | D:8      | Acquired Sif Muna's second power
  6913 | D:8      | Found a sand-covered staircase.
  6921 | Ossuary  | Entered an ossuary
  7061 | Ossuary  | Reached skill level 5 in Ice Magic
  7650 | D:8      | Noticed a two-headed ogre
  7657 | D:8      | Killed a two-headed ogre
  7717 | D:8      | Killed Grum
  7727 | D:8      | Reached XP level 9. HP: 53/62 MP: 9/14
  7748 | D:8      | Noticed a two-headed ogre
  7761 | D:8      | Killed a two-headed ogre
  8003 | D:8      | Noticed a troll
  8014 | D:8      | Killed a troll
  8455 | D:9      | Acquired Sif Muna's third power
  8971 | D:9      | Noticed Edmund
  9005 | D:9      | Killed Edmund
  9221 | D:9      | Reached skill level 10 in Ice Magic
  9282 | D:9      | Found a staircase to the Orcish Mines.
  9657 | D:10     | Entered Level 10 of the Dungeon
 10514 | D:10     | Learned a level 4 spell: Summon Guardian Golem
 10611 | D:10     | Reached skill level 1 in Hexes
 10757 | D:11     | Noticed a gargoyle
 10769 | D:11     | Killed a gargoyle
 10769 | D:11     | Reached XP level 10. HP: 57/69 MP: 4/18
 10778 | D:11     | Found a staircase to the Lair.
 10872 | D:11     | Noticed a five-headed hydra
 10881 | D:11     | Killed a five-headed hydra
 10970 | D:11     | Noticed a centaur zombie
 11015 | D:11     | Killed a centaur zombie
 11059 | D:11     | Noticed Erolcha
 11074 | D:11     | Killed Erolcha
 11236 | D:11     | Received a gift from Sif Muna
 11237 | D:11     | Identified Sif Muna's Almanac of Execration {god gift} (Sif Muna gifted it to you on level 11 of the Dungeon)
 11301 | D:11     | Noticed a cyclops
 11315 | D:11     | Killed a cyclops
 11315 | D:11     | Reached skill level 10 in Hexes
 11537 | D:11     | Noticed a hill giant
 11537 | D:11     | Noticed a hill giant
 11544 | D:11     | Killed a hill giant
 11548 | D:11     | Killed a hill giant
 11548 | D:11     | Reached skill level 11 in Hexes
 11852 | Lair:1   | Entered Level 1 of the Lair of Beasts
 12519 | Lair:1   | Reached XP level 11. HP: 66/74 MP: 3/22
 12655 | Lair:1   | Reached skill level 5 in Spellcasting
 12733 | Lair:1   | Learned a level 4 spell: Summon Lightning Spire
 12741 | Lair:1   | Learned a level 5 spell: Summon Mana Viper
 13123 | Lair:1   | Reached skill level 1 in Air Magic
 13648 | Lair:2   | Received a gift from Sif Muna
 13649 | Lair:2   | Identified Sif Muna's Volume of Conjuration and Malediction {god gift} (Sif Muna gifted it to you on level 2 of the Lair of Beasts)
 14019 | Lair:2   | Reached skill level 12 in Hexes
 14554 | Lair:3   | Found a shimmering altar of Xom.
 14558 | Lair:3   | Noticed Fannar
 14576 | Lair:3   | Killed Fannar
 14900 | Lair:3   | Reached skill level 5 in Air Magic
 15689 | Lair:4   | Found a staircase to the Snake Pit.
 15704 | Lair:4   | Reached skill level 1 in Staves
 15820 | Lair:4   | Noticed Harold
 15829 | Lair:4   | Killed Harold
 15935 | Lair:4   | Reached skill level 13 in Hexes
 16803 | Lair:5   | Received a gift from Sif Muna
 16804 | Lair:5   | Identified Sif Muna's Guide on the Frostbite {god gift} (Sif Muna gifted it to you on level 5 of the Lair of Beasts)
 16908 | Lair:5   | Reached XP level 12. HP: 42/81 MP: 10/24
 17293 | Lair:5   | Noticed a death yak
 17303 | Lair:5   | Killed a death yak
 17534 | Lair:6   | Noticed a seven-headed hydra
 17540 | Lair:6   | Killed a seven-headed hydra
 17540 | Lair:6   | Reached skill level 14 in Hexes
 17573 | Lair:6   | Found a staircase to the Slime Pits.
 17574 | Lair:6   | Found a viscous altar of Jiyva.
 17963 | Lair:6   | Found a staircase to the Swamp.
 17964 | Lair:6   | Noticed a four-headed hydra
 17981 | Lair:6   | Killed a four-headed hydra
 18998 | Lair:7   | Reached skill level 15 in Hexes
 19557 | Lair:8   | Entered Level 8 of the Lair of Beasts
 19638 | Lair:8   | Found a frozen archway.
 19702 | IceCv    | Entered an ice cave
 20069 | IceCv    | Noticed an ice dragon
 20071 | IceCv    | Noticed an ice dragon
 20079 | IceCv    | Killed an ice dragon
 20084 | IceCv    | Killed an ice dragon
 20280 | IceCv    | Got a scintillating wooden ring
 20282 | IceCv    | Identified the ring of Twyim {rC+ EV+5} (You found it in an ice cave)
 20863 | Lair:8   | Received a gift from Sif Muna
 20863 | Lair:8   | Reached skill level 10 in Air Magic
 20864 | Lair:8   | Identified Sif Muna's Collected Works on the Glacial Oath {god gift} (Sif Muna gifted it to you on level 8 of the Lair of Beasts)
 21040 | Lair:8   | Reached XP level 13. HP: 45/86 MP: 22/25
 21450 | Lair:8   | Got a faintly humming robe
 21451 | Lair:8   | Identified the +1 robe of Eries {+Rage +Fly rN+} (You found it on level 8 of the Lair of Beasts)
 21618 | Lair:8   | Reached skill level 5 in Dodging
 21626 | Lair:8   | HP: 4/86 [black mamba (14)]
 21628 | Lair:8   | Mangled by a black mamba

Action                   |  1- 3 |  4- 6 |  7- 9 | 10-12 | 13-15 || total
-------------------------+-------+-------+-------+-------+-------++-------
Melee: Unarmed           |   104 |       |       |       |       ||   104
       Short sword       |   112 |    34 |       |       |       ||   146
       Cutlass           |       |   207 |   357 |   401 |       ||   965
       Quarterstaff      |       |       |       |   399 |    54 ||   453
 Cast: Summon Small Mamm |     9 |    22 |     1 |       |       ||    32
       Call Imp          |    14 |    28 |    36 |     5 |       ||    83
       Call Canine Famil |       |    14 |    42 |    42 |       ||    98
       Summon Ice Beast  |       |       |    78 |   206 |    15 ||   299
       Summon Guardian G |       |       |     1 |    28 |     1 ||    30
       Summon Mana Viper |       |       |       |    63 |     5 ||    68
       Summon Lightning  |       |       |       |    10 |       ||    10
Invok: Channel Energy    |       |       |   134 |   422 |    14 ||   570
 Abil: Bottle Blood      |       |       |       |     8 |       ||     8
Evoke: Wand              |       |     1 |       |     7 |     1 ||     9
  Use: Potion            |     1 |     4 |     3 |    21 |     2 ||    31
       Scroll            |       |    11 |    10 |    17 |     2 ||    40
 Stab: Sleeping          |     5 |     9 |     4 |    14 |     1 ||    33
       Distracted        |     1 |     2 |     6 |     7 |     2 ||    18
       Fleeing           |       |       |       |     1 |       ||     1
       Betrayed ally     |       |       |       |     1 |       ||     1
  Eat: Corpse            |    18 |    19 |    36 |    88 |     4 ||   165
